 Dungeon Crawl Stone Soup version 0.21-a0-521-g1cd18d1148 (webtiles) character file.

47 dricus the Skirmisher (level 3, -1/29 HPs)
             Began as a Demonspawn Abyssal Knight on Dec 5, 2017.
             Was a Believer of Lugonu.
             Slain by Sigmund the steam dragon (9 damage)
             ... on level 2 of the Dungeon.
             The game lasted 00:03:32 (1749 turns).

dricus the Skirmisher (Demonspawn Abyssal Knight)   Turns: 1749, Time: 00:03:33

Health: -1/29      AC:  5    Str: 13    XL:     3   Next: 48%
Magic:  0/5        EV: 11    Int: 13    God:    Lugonu [**....]
Gold:   51         SH:  0    Dex: 12    Spells: 2/2 levels left

rFire    . . .     SeeInvis .   a - +1 mace
rCold    . . .     Gourm    .   (no shield)
rNeg     . . .     Faith    .   b - +0 leather armour
rPois    .         Spirit   +   (no helmet)
rElec    .         Reflect  .   (no cloak)
rCorr    .         Harm     .   (no gloves)
MR       .....                  (no boots)
Stlth    +.........             (no amulet)
HPRegen  0.09/turn              (no ring)
MPRegen  0.09/turn              (no ring)

@: no status effects
A: yellow scales 1, magic shield
a: Depart the Abyss, Bend Space, Renounce Religion


You were on level 2 of the Dungeon.
You worshipped Lugonu.
Lugonu was pleased with you.
You were not hungry.

You visited 1 branch of the dungeon, and saw 2 of its levels.
You visited the Abyss 1 time.

You collected 51 gold pieces.

Inventory:

Hand Weapons
 a - a +1 mace (weapon)
Missiles
 e - 68 stones (quivered)
Armour
 b - a +0 leather armour (worn)
Jewellery
 t - an uncursed ring of flight {unknown}
Wands
 p - a wand of polymorph (1)
Scrolls
 f - a scroll of magic mapping {unknown}
 h - a scroll of blinking {unknown}
 i - a scroll of teleportation {unknown}
 j - 2 scrolls of identify {unknown}
 k - a scroll of noise {unknown}
 m - a scroll of remove curse
 n - a scroll of enchant armour {unknown}
Potions
 g - a potion of might {unknown}
 r - a potion of invisibility {unknown}
 s - a potion of mutation {unknown}
Comestibles
 c - a bread ration
 d - a meat ration
 l - 3 fruits
 o - a royal jelly
 q - 6 chunks of flesh


   Skills:
 + Level 3.4 Fighting
 * Level 2.8 Maces & Flails
 - Level 1.7 Armour
 - Level 0.8 Dodging
 + Level 3.2 Invocations


You had 2 spell levels left.
You didn't know any spells.

Dungeon Overview and Level Annotations

Branches:
Dungeon (2/15)

Altars:

Annotations:
D:2 1 runed door, Sigmund


Innate Abilities, Weirdness & Mutations

You are partially covered in yellow scales. (AC +2)
When hurt, damage is shared between your health and your magic reserves.


Message History

Aiming: Polymorph
Press: ? - help, Shift-Dir - straight line, f/p - Sigmund
Aim: Sigmund the killer bee (chance to defeat MR: 54%) Sigmund the killer bee evaporates and reforms as a steam dragon!
Sigmund breathes steam at you. The ball of steam hits you!
Ouch! That really hurt!
* * * LOW HITPOINT WARNING * * *
Sigmund barely misses you. Sigmund closely misses you.
Evoke which item? (* to show all) (? for menu, Esc to quit)
Aiming: Polymorph
Press: ? - help, Shift-Dir - straight line, f/p - Sigmund
Aim: Sigmund the steam dragon (catching its breath, chance to defeat MR: 46%) Sigmund resists with some effort.
Sigmund barely misses you. x2
Evoke which item? (* to show all) (? for menu, Esc to quit)
Aiming: Polymorph
Press: ? - help, Shift-Dir - straight line, f/p - Sigmund
Aim: Sigmund the steam dragon (catching its breath, chance to defeat MR: 46%) Sigmund resists with some effort.
Sigmund bites you!
You die...

###.#.........####....#
#.###...###....##.###
##........#####..# #
##.............##.# #
...#.......###.# ...####
..###......# #.####.....
....#......# #...#......
###........# ###.D..)...
#####......# #@.......
...##......# ##........
##.....#.#.## ........
.......#.#..### ........
.....###......###........
.#....รท.......).##.......
#..#..####..............
#.###...#####.......####
#.#####.##...........<####


You could see Sigmund the steam dragon.

Vanquished Creatures
  An adder (D:2)
  An ooze (D:2)
  A dart slug (D:2)
  A leopard gecko (D:2)
  6 bats
  3 goblins
  6 hobgoblins
  5 frilled lizards
  4 kobolds
  4 rats
32 creatures vanquished.

Notes
Turn   | Place    | Note
-------+----------+-------------------------------------------
     0 | Abyss:1  | dricus the Demonspawn Abyssal Knight began the quest for the Orb.
     0 | Abyss:1  | Reached XP level 1. HP: 18/18 MP: 2/2
    37 | D:1      | Escaped the Abyss
   423 | D:1      | Gained mutation: When hurt, damage is shared between your health and your magic reserves. [demonic ancestry]
   423 | D:1      | Reached XP level 2. HP: 24/24 MP: 4/4
  1087 | D:2      | Noticed Sigmund
  1166 | D:2      | Reached ** piety under Lugonu
  1281 | D:2      | Gained mutation: You are partially covered in yellow scales. (AC +2) [demonic ancestry]
  1281 | D:2      | Reached XP level 3. HP: 25/29 MP: 3/5
  1704 | D:2      | Found a runed door.
  1742 | D:2      | Noticed Sigmund
  1742 | D:2      | Sigmund changed into Sigmund the bullfrog
  1744 | D:2      | Noticed Sigmund
  1744 | D:2      | Sigmund the bullfrog changed into Sigmund the killer bee
  1746 | D:2      | Noticed Sigmund
  1746 | D:2      | Sigmund the killer bee changed into Sigmund the steam dragon
  1749 | D:2      | Slain by Sigmund the steam dragon

Vault maps used:
D:1:      lightli_arrival_statuegarden
D:2:      uniq_sigmund, uniq_crazy_yiuf_cottage
Abyss:1:  evilmike_abyss_exit_3

Skill      XL: |  1  2 |
---------------+-------+-----
Maces & Flails | 2 |  2.8
Invocations    | 3 |  3.2
Fighting       | |  3.4
Armour         | |  1.7
Dodging        | |  0.8

Action                   || total
-------------------------++-------
Melee: Mace              ||    83
Throw: Stone             ||    56
Evoke: Wand              ||     7
  Use: Scroll            ||     1
  Eat: Chunk             ||     3
Armor: Leather armour    ||    30
Dodge: Dodged            ||    64

Table legend:
 A = Spawn XP
 B = Non-spawn XP
 C = Spawn XP percentage of total XP
 D = Spawn monster count
 E = Non-spawn monster count
 F = Spawn count percentage of total count
 G = Total turns spent on level
                    A         B        C        D         E        F      G
               +---------+---------+-------+---------+---------+-------+---------
         Total |       0 |      68 |   0.0 |       0 |      32 |   0.0 |  1749
               +---------+---------+-------+---------+---------+-------+---------
           D:1 |       0 |      26 |   0.0 |       0 |      18 |   0.0 |  1060
           D:2 |       0 |      42 |   0.0 |       0 |      14 |   0.0 |   652
               +---------+---------+-------+---------+---------+-------+---------
